Oilers vs Flyers

Created - 11 mars 2024 at 21:27

Goals
1 2 3 T
Oilers 1 0 2 3
Flyers 1 0 0 1
Shots
1 2 3 T
Oilers 10 9 12 31
Flyers 15 14 7 36

GoalsPenalties
1st period
1. Flyers , Leon Draisaitl 35 (Travis Konecny 30) at 0:12
2. Oilers , Jack Roslovic 19 (Alec Martinez 9) at 17:47
No Penalty
2nd period
No Goal
No Penalty
3rd period
3. Oilers , Jack Roslovic 20 (John Carlson 25, Cody Glass 15) at 5:09
4. Oilers , Josh Bailey 5 (Jack Roslovic 24, Owen Power 15) at 8:01
Dylan Cozens (PHI) for Interference (Minor) at 12:47
Goalie Stats
Joonas Korpisalo (EDM), 35 saves from 36 shots - (0,972), W, 25-15-6, 60:00 minutes
Juuse Saros (PHI), 28 saves from 31 shots - (0,903), L, 34-9-4, 60:00 minutes
3 StarsOfficial
1 - Jack Roslovic (EDM)
2 - Joonas Korpisalo (EDM)
3 - Josh Bailey (EDM)
Referees : Reid Anderson and Mike Sheehan
Linesman : Justin Cornell and Pierre Racicot
Game Note
No Game Note
Finance
Level 1 -- Attendance: 6000 (100,00%) -- Ticket Income $570,000
Level 2 -- Attendance: 4758 (95,16%) -- Ticket Income $256,932
Level 3 -- Attendance: 2000 (100,00%) -- Ticket Income $66,000
Level 4 -- Attendance: 4000 (100,00%) -- Ticket Income $88,000
Luxury Box -- Attendance: 954 (95,40%) -- Ticket Income $157,410
Game was played at the Spectrum.
Total Attendance: 17712 (98,40%)
Total Ticket Income: $1,138,342
Other Income: $557,788
Total Income: $1,696,130



Team Name Goals Shots Shots Attemp Shots Blocked PIM HIT PP PK FO%
Oilers 33162110200 / 1 (0%)051%
Flyers 13666122170 / 0 (0,00%049%

Oilers
Player Name POS G A P +/- PIM HIT SHT SB MP PP MP PP SHT PK MP PK SHT FO% FOT GA TA
Alec MartinezD0110001018:341:1400:0000% 000
Barrett HaytonC/LW0000012217:320:5400:00050% 220
Cody GlassC0113014014:140:0000:00050% 1010
Connor McDavidC/LW000-1023119:381:0500:00048% 2701
Craig SmithC/LW/RW000000008:490:0000:0000% 000
Erik GudbransonD0002020020:190:0000:0000% 001
Ilya LyubushkinD0000010217:200:0000:0000% 002
Jack RoslovicC/RW2133014014:140:0000:00067% 310
Jake DeBruskLW/RW0000033017:320:5400:0000% 020
John CarlsonD0110000021:360:4500:0000% 001
Josh BaileyC/LW/RW1013002114:140:0000:0000% 000
Nico SturmC/LW000001208:360:0000:00033% 320
Owen PowerD0112001020:520:4500:0000% 000
Owen TippettLW/RW000-1021119:251:0500:0000% 000
Phillip DanaultC/LW/RW0000021017:320:5400:00062% 1310
Pierre EngvallLW/RW000000008:360:0000:0000% 000
Ryan GravesD0000020221:191:1400:0000% 000
Tim StutzleC/LW000-1027219:381:0500:0000% 130
Flyers
Player Name POS G A P +/- PIM HIT SHT SB MP PP MP PP SHT PK MP PK SHT FO% FOT GA TA
Aaron EkbladD0001011022:100:0000:5800% 002
Brock FaberD000-2000318:190:0000:5800% 011
Calle JarnkrokC/LW/RW000-1021016:030:0001:00033% 301
Dylan CozensC/LW/RW000-1211115:530:0000:00055% 1100
Gabriel VilardiC/LW/RW000-1003015:130:0000:0000% 012
Joey AndersonRW0000010010:280:0000:5900% 000
John MarinoD000-1010220:430:0001:0100% 000
John-Jason PeterkaC/LW/RW000000009:290:0000:0000% 000
Kaiden GuhleD000-2013017:070:0000:0000% 011
Kevin FialaLW/RW000-1016216:280:0000:4410% 010
Leon DraisaitlC/LW1010015117:400:0000:15055% 2202
Logan CoutureC/LW000-1021115:440:0000:0000% 000
MacKenzie WeegarD0001033020:580:0000:0000% 001
Noah HanifinD000-1001020:430:0001:0100% 002
Patrick KaneLW/RW0000012117:250:0000:0000% 000
Scott LaughtonC/LW/RW000-1004116:230:0001:00047% 1700
Travis KonecnyLW/RW0110024017:250:0000:0000% 010
Wyatt JohnstonC000000109:490:0000:00033% 600

Oilers

5 vs 5 Forward
Line #Left WingCenterRight WingPHYDFOFWanted %Time %Time Play
1Tim StutzleConnor McDavidOwen Tippett0143632%18:20
2Barrett HaytonPhillip DanaultJake DeBrusk0233229%16:51
3Josh BaileyCody GlassJack Roslovic0232625%14:14
4Pierre EngvallNico SturmCraig Smith131615%8:36
5 vs 5 Defense
Line #DefenseDefensePHYDFOFWanted %Time %Time Play
1Ryan GravesJohn Carlson1313635%20:22
2Owen PowerErik Gudbranson1313434%19:50
3Alec MartinezIlya Lyubushkin1313030%17:20
4John CarlsonErik Gudbranson12201%0:29
Power Play Forward
Line #Left WingCenterRight WingPHYDFOFWanted %Time %Time Play
1Tim StutzleConnor McDavidOwen Tippett0056055%1:05
2Barrett HaytonPhillip DanaultJake DeBrusk0054045%0:54
Power Play Defense
Line #DefenseDefensePHYDFOFWanted %Time %Time Play
1Owen PowerJohn Carlson0146038%0:45
2Ryan GravesAlec Martinez0144062%1:14
Penalty Kill 4 Players Forward
Line #CenterWingPHYDFOFWanted %Time %Time Play
1Nico SturmBarrett Hayton050600%0:00
2Phillip DanaultConnor McDavid050400%0:00
Penalty Kill 4 Players Defense
Line #DefenseDefensePHYDFOFWanted %Time %Time Play
1Alec MartinezErik Gudbranson140500%0:00
2Ryan GravesIlya Lyubushkin140500%0:00
Penalty Kill 3 Players
Line #WingPHYDFOFWanted %Time %Time PlayDefenseDefensePHYDFOFWanted %Time %Time Play
1Nico Sturm050600%0:00 Alec MartinezErik Gudbranson140500%0:00
2Phillip Danault050400%0:00 Ryan GravesIlya Lyubushkin140500%0:00
4 vs 4 Forward
Line #CenterWingPHYDFOFWanted %Time %Time Play
1Connor McDavidTim Stutzle023500%0:00
2Phillip DanaultJake DeBrusk023500%0:00
4 vs 4 Defense
Line #DefensePHYDFOFWanted %Time %Time Play
1Ryan GravesJohn Carlson131500%0:00
2Owen PowerErik Gudbranson131500%0:00
Last Minutes Offensive
Left WingCenterRight WingDefenseDefense
Tim StutzleConnor McDavidJake DeBruskOwen PowerJohn Carlson
Last Minutes Defensive
Left WingCenterRight WingDefenseDefense
Connor McDavidNico SturmPhillip DanaultRyan GravesErik Gudbranson
Time
Total ForwardTotal DefenseLast Minutes OffensiveLast Minutes Defensive
60:00 60:00 0:000:00
Extra Forwards
Normal PowerPlayPenalty Kill
Connor McDavid, Phillip Danault, Barrett HaytonCody Glass, Jack RoslovicTim Stutzle
Extra Defensemen
Normal PowerPlayPenalty Kill
John Carlson, Owen Power, Alec MartinezIlya Lyubushkin, John CarlsonOwen Power
Penalty Shots
Tim Stutzle, Connor McDavid, Jake DeBrusk, Cody Glass, Barrett Hayton
Goalie
Joonas Korpisalo, Kaapo Kahkonen
Custom OT Lines Forwards
Connor McDavid, Tim Stutzle, Phillip Danault, Jake DeBrusk, Barrett Hayton, Owen Tippett, Cody Glass, Jack Roslovic, Nico Sturm, Josh Bailey
Custom OT Lines Defensemen
John Carlson, Ryan Graves, Owen Power, Erik Gudbranson, Alec Martinez
Scratches
Vinnie Hinostroza (Healthy), Michael Del Zotto (Healthy)

Flyers

5 vs 5 Forward
Line #Left WingCenterRight WingPHYDFOFWanted %Time %Time Play
1Travis KonecnyLeon DraisaitlPatrick Kane0323031%18:07
2Kevin FialaDylan CozensLogan Couture0322827%15:44
3Calle JarnkrokScott LaughtonGabriel Vilardi0322625%14:41
4John-Jason PeterkaWyatt JohnstonJoey Anderson0321616%9:29
5 vs 5 Defense
Line #DefenseDefensePHYDFOFWanted %Time %Time Play
1Aaron EkbladMacKenzie Weegar1313636%20:58
2John MarinoNoah Hanifin1313434%19:56
3Brock FaberKaiden Guhle0323030%17:07
4Aaron EkbladMacKenzie Weegar12200%0:00
Power Play Forward
Line #Left WingCenterRight WingPHYDFOFWanted %Time %Time Play
1Patrick KaneLeon DraisaitlKevin Fiala005550%0:00
2Logan CoutureDylan CozensTravis Konecny005450%0:00
Power Play Defense
Line #DefenseDefensePHYDFOFWanted %Time %Time Play
1Aaron EkbladMacKenzie Weegar023570%0:00
2Brock FaberNoah Hanifin023430%0:00
Penalty Kill 4 Players Forward
Line #CenterWingPHYDFOFWanted %Time %Time Play
1Scott LaughtonCalle Jarnkrok0505250%1:00
2Dylan CozensJoey Anderson0504850%0:59
Penalty Kill 4 Players Defense
Line #DefenseDefensePHYDFOFWanted %Time %Time Play
1John MarinoNoah Hanifin0505551%1:01
2Aaron EkbladBrock Faber0504549%0:58
Penalty Kill 3 Players
Line #WingPHYDFOFWanted %Time %Time PlayDefenseDefensePHYDFOFWanted %Time %Time Play
1Scott Laughton050530%0:00 John MarinoNoah Hanifin050550%0:00
2Dylan Cozens050470%0:00 Aaron EkbladBrock Faber050450%0:00
4 vs 4 Forward
Line #CenterWingPHYDFOFWanted %Time %Time Play
1Leon DraisaitlTravis Konecny023550%0:00
2Dylan CozensPatrick Kane023450%0:00
4 vs 4 Defense
Line #DefensePHYDFOFWanted %Time %Time Play
1Aaron EkbladMacKenzie Weegar032600%0:00
2John MarinoNoah Hanifin032400%0:00
Last Minutes Offensive
Left WingCenterRight WingDefenseDefense
Patrick KaneLeon DraisaitlKevin FialaAaron EkbladNoah Hanifin
Last Minutes Defensive
Left WingCenterRight WingDefenseDefense
Travis KonecnyLeon DraisaitlDylan CozensAaron EkbladNoah Hanifin
Time
Total ForwardTotal DefenseLast Minutes OffensiveLast Minutes Defensive
60:00 60:00 0:000:00
Extra Forwards
Normal PowerPlayPenalty Kill
Gabriel Vilardi, Scott Laughton, Wyatt JohnstonGabriel Vilardi, Wyatt JohnstonKevin Fiala
Extra Defensemen
Normal PowerPlayPenalty Kill
Noah Hanifin, Kaiden Guhle, Brock FaberJohn Marino, MacKenzie WeegarKaiden Guhle
Penalty Shots
Patrick Kane, Logan Couture, Leon Draisaitl, Calle Jarnkrok, Noah Hanifin
Goalie
Juuse Saros, Casey DeSmith
Custom OT Lines Forwards
Leon Draisaitl, Travis Konecny, Patrick Kane, Dylan Cozens, Kevin Fiala, Scott Laughton, Logan Couture, Gabriel Vilardi, Calle Jarnkrok, Wyatt Johnston
Custom OT Lines Defensemen
Aaron Ekblad, Noah Hanifin, MacKenzie Weegar, John Marino, Brock Faber
Scratches
Jesper Boqvist (Healthy)


Play-by-Play

1st period


0:01 of 1st period - Connor McDavid wins face-off versus Leon Draisaitl in neutral zone.
0:12 of 1st period - Snap shot by Leon Draisaitl.
0:12 of 1st period - Goal by Leon Draisaitl - Oilers : 0 - Flyers : 1.
0:13 of 1st period - Barrett Hayton wins face-off versus Dylan Cozens in neutral zone.
0:18 of 1st period - Logan Couture is hit by Jake DeBrusk and loses puck.
0:27 of 1st period - Wrist shot by Jake DeBrusk.
0:27 of 1st period - Stopped by Juuse Saros without a rebound.
0:28 of 1st period - Scott Laughton wins face-off versus Cody Glass in Flyers zone.
0:28 of 1st period - Scott Laughton is hit by Cody Glass.
1:27 of 1st period - Off-side.
1:28 of 1st period - Nico Sturm wins face-off versus Dylan Cozens in neutral zone.
1:54 of 1st period - Erik Gudbranson is hit by MacKenzie Weegar.
1:58 of 1st period - Snap shot by Gabriel Vilardi.
1:58 of 1st period - Deflect By Scott Laughton.
1:58 of 1st period - Shot Misses the Net.
1:58 of 1st period - Puck is out of play.
1:59 of 1st period - Connor McDavid wins face-off versus Scott Laughton in Oilers zone.
2:25 of 1st period - Snap shot by Gabriel Vilardi.
2:25 of 1st period - Stopped by Joonas Korpisalo without a rebound.
2:26 of 1st period - Phillip Danault wins face-off versus Leon Draisaitl in Oilers zone.
3:29 of 1st period - Off-side.
3:30 of 1st period - Dylan Cozens wins face-off versus Connor McDavid in neutral zone.
3:38 of 1st period - Off-side.
3:39 of 1st period - Connor McDavid wins face-off versus Dylan Cozens in neutral zone.
3:44 of 1st period - Wrist shot by Tim Stutzle.
3:44 of 1st period - Stopped by Juuse Saros without a rebound.
3:45 of 1st period - Cody Glass wins face-off versus Wyatt Johnston in Flyers zone.
4:02 of 1st period - Jack Roslovic is hit by Joey Anderson and loses puck.
4:21 of 1st period - Snap shot by Connor McDavid.
4:21 of 1st period - Stopped by Juuse Saros with a rebound.
4:23 of 1st period - Wrist shot by Alec Martinez.
4:23 of 1st period - Shot Misses the Net.
4:25 of 1st period - Slapshot by Connor McDavid.
4:25 of 1st period - Shot Blocked by Logan Couture.
5:01 of 1st period - Erik Gudbranson is hit by Patrick Kane.
5:17 of 1st period - Wrist shot by Joey Anderson.
5:17 of 1st period - Shot Misses the Net.
5:46 of 1st period - Kaiden Guhle is hit by Connor McDavid and loses puck.
6:33 of 1st period - Wrist shot by Tim Stutzle.
6:33 of 1st period - Stopped by Juuse Saros with a rebound.
6:55 of 1st period - Snap shot by Tim Stutzle.
6:55 of 1st period - Shot Misses the Net.
7:37 of 1st period - Slapshot by Dylan Cozens.
7:37 of 1st period - Stopped by Joonas Korpisalo with a rebound.
7:39 of 1st period - Slapshot by Brock Faber.
7:39 of 1st period - Shot Misses the Net.
7:41 of 1st period - Snap shot by Logan Couture.
7:41 of 1st period - Stopped by Joonas Korpisalo with a rebound.
7:43 of 1st period - Snap shot by Kaiden Guhle.
7:43 of 1st period - Stopped by Joonas Korpisalo with a rebound.
7:45 of 1st period - Slapshot by Kaiden Guhle.
7:45 of 1st period - Shot Misses the Net.
8:07 of 1st period - Backhand shot by Kevin Fiala.
8:07 of 1st period - Stopped by Joonas Korpisalo without a rebound.
8:08 of 1st period - Jack Roslovic wins face-off versus Scott Laughton in Oilers zone.
8:58 of 1st period - Snap shot by Wyatt Johnston.
8:58 of 1st period - Stopped by Joonas Korpisalo with a rebound.
9:25 of 1st period - Slapshot by Leon Draisaitl.
9:25 of 1st period - Stopped by Joonas Korpisalo with a rebound.
9:43 of 1st period - Snap shot by Cody Glass.
9:43 of 1st period - Shot Misses the Net.
9:45 of 1st period - Snap shot by Phillip Danault.
9:45 of 1st period - Stopped by Juuse Saros without a rebound.
9:46 of 1st period - Phillip Danault wins face-off versus Scott Laughton in Flyers zone.
10:07 of 1st period - Slapshot by Jake DeBrusk.
10:07 of 1st period - Shot Misses the Net.
10:09 of 1st period - Slapshot by Alec Martinez.
10:09 of 1st period - Shot Blocked by John Marino.
10:19 of 1st period - Gabriel Vilardi is hit by Jake DeBrusk and loses puck.
10:28 of 1st period - Backhand shot by Jake DeBrusk.
10:28 of 1st period - Stopped by Juuse Saros with a rebound.
11:19 of 1st period - Slapshot by Gabriel Vilardi.
11:19 of 1st period - Stopped by Joonas Korpisalo with a rebound.
11:21 of 1st period - Slapshot by MacKenzie Weegar.
11:21 of 1st period - Stopped by Joonas Korpisalo without a rebound.
11:22 of 1st period - Leon Draisaitl wins face-off versus Cody Glass in Oilers zone.
11:36 of 1st period - Snap shot by Cody Glass.
11:36 of 1st period - Stopped by Juuse Saros with a rebound.
13:04 of 1st period - Icing by MacKenzie Weegar.
13:05 of 1st period - Wyatt Johnston wins face-off versus Nico Sturm in Flyers zone.
13:10 of 1st period - Nico Sturm is hit by Aaron Ekblad and loses puck.
13:49 of 1st period - Snap shot by Tim Stutzle.
13:49 of 1st period - Stopped by Juuse Saros with a rebound.
14:59 of 1st period - Snap shot by Connor McDavid.
14:59 of 1st period - Stopped by Juuse Saros with a rebound.
15:17 of 1st period - Snap shot by Gabriel Vilardi.
15:17 of 1st period - Stopped by Joonas Korpisalo with a rebound.
15:21 of 1st period - Snap shot by Gabriel Vilardi.
15:21 of 1st period - Shot Blocked by Barrett Hayton.
16:33 of 1st period - Slapshot by Kevin Fiala.
16:33 of 1st period - Shot Blocked by Ryan Graves.
17:13 of 1st period - Off-side.
17:14 of 1st period - Cody Glass wins face-off versus Leon Draisaitl in neutral zone.
17:25 of 1st period - Cody Glass is hit by Travis Konecny and loses puck.
17:38 of 1st period - Alec Martinez is hit by Kaiden Guhle and loses puck.
17:45 of 1st period - Snap shot by Jack Roslovic.
17:45 of 1st period - Shot Hit the Post.
17:47 of 1st period - Snap shot by Jack Roslovic.
17:47 of 1st period - Goal by Jack Roslovic - Oilers : 1 - Flyers : 1.
17:48 of 1st period - Scott Laughton wins face-off versus Connor McDavid in neutral zone.
17:57 of 1st period - Wrist shot by Gabriel Vilardi.
17:57 of 1st period - Shot Misses the Net.
18:46 of 1st period - Wrist shot by Kevin Fiala.
18:46 of 1st period - Stopped by Joonas Korpisalo without a rebound.
18:47 of 1st period - Connor McDavid wins face-off versus Scott Laughton in Oilers zone.
19:14 of 1st period - Phillip Danault is hit by Leon Draisaitl and loses puck.
19:19 of 1st period - Snap shot by Patrick Kane.
19:19 of 1st period - Stopped by Joonas Korpisalo with a rebound.
19:21 of 1st period - Slapshot by Kaiden Guhle.
19:21 of 1st period - Stopped by Joonas Korpisalo with a rebound.
19:23 of 1st period - Slapshot by Kaiden Guhle.
19:23 of 1st period - Shot Misses the Net.
19:25 of 1st period - Slapshot by Kaiden Guhle.
19:25 of 1st period - Stopped by Joonas Korpisalo without a rebound.
19:26 of 1st period - Dylan Cozens wins face-off versus Tim Stutzle in Oilers zone.
19:39 of 1st period - Wrist shot by Tim Stutzle.
19:39 of 1st period - Shot Blocked by Dylan Cozens.
19:41 of 1st period - Snap shot by Owen Tippett.
19:41 of 1st period - Shot Blocked by Brock Faber.
19:43 of 1st period - Snap shot by Owen Tippett.
19:43 of 1st period - Shot Misses the Net.
19:52 of 1st period - Off-side.
19:53 of 1st period - Phillip Danault wins face-off versus Leon Draisaitl in neutral zone.
Goals for this period are 1 for Oilers vs 1 for Flyers.
Shots for this period are 10 for Oilers vs 15 for Flyers.

2nd period


0:01 of 2nd period - Leon Draisaitl wins face-off versus Connor McDavid in neutral zone.
0:26 of 2nd period - Alec Martinez is hit by Calle Jarnkrok and loses puck.
2:35 of 2nd period - Wrist shot by Nico Sturm.
2:35 of 2nd period - Stopped by Juuse Saros without a rebound.
2:36 of 2nd period - Leon Draisaitl wins face-off versus Connor McDavid in Flyers zone.
2:43 of 2nd period - Snap shot by Leon Draisaitl.
2:43 of 2nd period - Stopped by Joonas Korpisalo with a rebound.
2:45 of 2nd period - Snap shot by Travis Konecny.
2:45 of 2nd period - Stopped by Joonas Korpisalo without a rebound.
2:46 of 2nd period - Leon Draisaitl wins face-off versus Connor McDavid in Oilers zone.
2:51 of 2nd period - Wrist shot by Travis Konecny.
2:51 of 2nd period - Stopped by Joonas Korpisalo with a rebound.
4:19 of 2nd period - Travis Konecny is hit by Ryan Graves and loses puck.
5:19 of 2nd period - Slapshot by Dylan Cozens.
5:19 of 2nd period - Shot Blocked by Barrett Hayton.
6:17 of 2nd period - John Marino is hit by Nico Sturm and loses puck.
6:42 of 2nd period - Snap shot by Jake DeBrusk.
6:42 of 2nd period - Stopped by Juuse Saros with a rebound.
6:58 of 2nd period - Ilya Lyubushkin is hit by MacKenzie Weegar and loses puck.
7:03 of 2nd period - Snap shot by Kevin Fiala.
7:03 of 2nd period - Shot Blocked by Tim Stutzle.
7:05 of 2nd period - Wrist shot by Brock Faber.
7:05 of 2nd period - Shot Blocked by Ilya Lyubushkin.
7:07 of 2nd period - Slapshot by Brock Faber.
7:07 of 2nd period - Deflect By Dylan Cozens.
7:07 of 2nd period - Shot Blocked by Connor McDavid.
7:07 of 2nd period - Puck is out of play.
7:08 of 2nd period - Phillip Danault wins face-off versus Dylan Cozens in Oilers zone.
7:14 of 2nd period - Backhand shot by Phillip Danault.
7:14 of 2nd period - Shot Misses the Net.
7:16 of 2nd period - Slapshot by Ryan Graves.
7:16 of 2nd period - Deflect By Barrett Hayton.
7:16 of 2nd period - Stopped by Juuse Saros without a rebound.
7:17 of 2nd period - Dylan Cozens wins face-off versus Phillip Danault in Flyers zone.
7:34 of 2nd period - Snap shot by Kevin Fiala.
7:34 of 2nd period - Stopped by Joonas Korpisalo with a rebound.
7:36 of 2nd period - Slapshot by Aaron Ekblad.
7:36 of 2nd period - Stopped by Joonas Korpisalo without a rebound.
7:37 of 2nd period - Connor McDavid wins face-off versus Leon Draisaitl in Oilers zone.
7:44 of 2nd period - Snap shot by Connor McDavid.
7:44 of 2nd period - Shot Blocked by John Marino.
7:50 of 2nd period - Slapshot by Leon Draisaitl.
7:50 of 2nd period - Stopped by Joonas Korpisalo with a rebound.
7:52 of 2nd period - Wrist shot by Patrick Kane.
7:52 of 2nd period - Stopped by Joonas Korpisalo without a rebound.
7:53 of 2nd period - Scott Laughton wins face-off versus Cody Glass in Oilers zone.
8:18 of 2nd period - Connor McDavid is hit by MacKenzie Weegar and loses puck.
8:39 of 2nd period - Snap shot by Nico Sturm.
8:39 of 2nd period - Shot Misses the Net.
8:49 of 2nd period - Wrist shot by Nico Sturm.
8:49 of 2nd period - Stopped by Juuse Saros without a rebound.
8:50 of 2nd period - Connor McDavid wins face-off versus Scott Laughton in Flyers zone.
8:59 of 2nd period - Snap shot by Tim Stutzle.
8:59 of 2nd period - Shot Misses the Net.
9:13 of 2nd period - Icing by Calle Jarnkrok.
9:14 of 2nd period - Phillip Danault wins face-off versus Leon Draisaitl in Flyers zone.
9:15 of 2nd period - Snap shot by Jake DeBrusk.
9:15 of 2nd period - Shot Misses the Net.
9:29 of 2nd period - Snap shot by Travis Konecny.
9:29 of 2nd period - Stopped by Joonas Korpisalo without a rebound.
9:30 of 2nd period - Dylan Cozens wins face-off versus Jack Roslovic in Oilers zone.
9:37 of 2nd period - Snap shot by Dylan Cozens.
9:37 of 2nd period - Shot Misses the Net.
9:39 of 2nd period - Snap shot by Dylan Cozens.
9:39 of 2nd period - Shot Misses the Net.
10:22 of 2nd period - Wrist shot by Jake DeBrusk.
10:22 of 2nd period - Shot Misses the Net.
11:00 of 2nd period - Off-side.
11:01 of 2nd period - Cody Glass wins face-off versus Dylan Cozens in neutral zone.
11:32 of 2nd period - Slapshot by Logan Couture.
11:32 of 2nd period - Shot Misses the Net.
11:42 of 2nd period - Wrist shot by Dylan Cozens.
11:42 of 2nd period - Shot Blocked by Ilya Lyubushkin.
11:44 of 2nd period - Slapshot by Aaron Ekblad.
11:44 of 2nd period - Shot Blocked by Josh Bailey.
11:52 of 2nd period - Snap shot by Jack Roslovic.
11:52 of 2nd period - Shot Misses the Net.
12:25 of 2nd period - Snap shot by Jack Roslovic.
12:25 of 2nd period - Shot Misses the Net.
12:31 of 2nd period - Josh Bailey is hit by Logan Couture.
13:03 of 2nd period - Snap shot by Cody Glass.
13:03 of 2nd period - Stopped by Juuse Saros without a rebound.
13:04 of 2nd period - Connor McDavid wins face-off versus Calle Jarnkrok in Flyers zone.
13:33 of 2nd period - Snap shot by Noah Hanifin.
13:33 of 2nd period - Shot Misses the Net.
13:39 of 2nd period - Wrist shot by Leon Draisaitl.
13:39 of 2nd period - Deflect By Travis Konecny.
13:39 of 2nd period - Shot Misses the Net.
13:39 of 2nd period - Puck is out of play.
13:40 of 2nd period - Phillip Danault wins face-off versus Leon Draisaitl in Oilers zone.
13:47 of 2nd period - Wrist shot by Barrett Hayton.
13:47 of 2nd period - Shot Blocked by Leon Draisaitl.
13:53 of 2nd period - Phillip Danault is hit by Travis Konecny and loses puck.
14:19 of 2nd period - Slapshot by Connor McDavid.
14:19 of 2nd period - Stopped by Juuse Saros without a rebound.
14:20 of 2nd period - Wyatt Johnston wins face-off versus Phillip Danault in Flyers zone.
14:20 of 2nd period - Wyatt Johnston is hit by Ilya Lyubushkin.
14:26 of 2nd period - Snap shot by Barrett Hayton.
14:26 of 2nd period - Shot Misses the Net.
14:50 of 2nd period - Snap shot by Scott Laughton.
14:50 of 2nd period - Stopped by Joonas Korpisalo with a rebound.
15:02 of 2nd period - Wrist shot by Barrett Hayton.
15:02 of 2nd period - Shot Blocked by Brock Faber.
15:04 of 2nd period - Slapshot by Barrett Hayton.
15:04 of 2nd period - Stopped by Juuse Saros without a rebound.
15:05 of 2nd period - Connor McDavid wins face-off versus Leon Draisaitl in Flyers zone.
16:11 of 2nd period - Owen Tippett is hit by Kevin Fiala and loses puck.
16:18 of 2nd period - Snap shot by Dylan Cozens.
16:18 of 2nd period - Shot Blocked by Tim Stutzle.
16:20 of 2nd period - Slapshot by MacKenzie Weegar.
16:20 of 2nd period - Stopped by Joonas Korpisalo with a rebound.
16:22 of 2nd period - Slapshot by MacKenzie Weegar.
16:22 of 2nd period - Stopped by Joonas Korpisalo with a rebound.
16:32 of 2nd period - Slapshot by Barrett Hayton.
16:32 of 2nd period - Shot Misses the Net.
17:05 of 2nd period - Off-side.
17:06 of 2nd period - Cody Glass wins face-off versus Scott Laughton in neutral zone.
17:39 of 2nd period - Slapshot by Wyatt Johnston.
17:39 of 2nd period - Shot Misses the Net.
17:47 of 2nd period - Wrist shot by Cody Glass.
17:47 of 2nd period - Stopped by Juuse Saros with a rebound.
17:49 of 2nd period - Snap shot by Jack Roslovic.
17:49 of 2nd period - Stopped by Juuse Saros without a rebound.
17:50 of 2nd period - Connor McDavid wins face-off versus Leon Draisaitl in Flyers zone.
18:09 of 2nd period - Patrick Kane is hit by Erik Gudbranson.
18:21 of 2nd period - Wrist shot by Scott Laughton.
18:21 of 2nd period - Stopped by Joonas Korpisalo without a rebound.
18:22 of 2nd period - Phillip Danault wins face-off versus Scott Laughton in Oilers zone.
18:29 of 2nd period - Calle Jarnkrok is hit by Barrett Hayton and loses puck.
18:48 of 2nd period - Icing by Noah Hanifin.
18:49 of 2nd period - Scott Laughton wins face-off versus Connor McDavid in Flyers zone.
19:12 of 2nd period - Snap shot by Scott Laughton.
19:12 of 2nd period - Stopped by Joonas Korpisalo with a rebound.
19:14 of 2nd period - Wrist shot by Calle Jarnkrok.
19:14 of 2nd period - Shot Misses the Net.
19:16 of 2nd period - Slapshot by MacKenzie Weegar.
19:16 of 2nd period - Shot Misses the Net.
19:18 of 2nd period - Slapshot by MacKenzie Weegar.
19:18 of 2nd period - Deflect By Calle Jarnkrok.
19:18 of 2nd period - Stopped by Joonas Korpisalo without a rebound.
19:19 of 2nd period - Leon Draisaitl wins face-off versus Phillip Danault in Oilers zone.
Goals for this period are 0 for Oilers vs 0 for Flyers.
Shots for this period are 9 for Oilers vs 14 for Flyers.

3rd period


0:01 of 3rd period - Connor McDavid wins face-off versus Leon Draisaitl in neutral zone.
0:10 of 3rd period - Wrist shot by Tim Stutzle.
0:10 of 3rd period - Stopped by Juuse Saros without a rebound.
0:11 of 3rd period - Leon Draisaitl wins face-off versus Connor McDavid in Flyers zone.
0:56 of 3rd period - Off-side.
0:57 of 3rd period - Dylan Cozens wins face-off versus Nico Sturm in neutral zone.
1:12 of 3rd period - Snap shot by Kevin Fiala.
1:12 of 3rd period - Stopped by Joonas Korpisalo with a rebound.
1:14 of 3rd period - Snap shot by Kevin Fiala.
1:14 of 3rd period - Stopped by Joonas Korpisalo with a rebound.
1:24 of 3rd period - Snap shot by Scott Laughton.
1:24 of 3rd period - Shot Blocked by Ryan Graves.
1:26 of 3rd period - Backhand shot by Noah Hanifin.
1:26 of 3rd period - Stopped by Joonas Korpisalo without a rebound.
1:27 of 3rd period - Calle Jarnkrok wins face-off versus Connor McDavid in Oilers zone.
2:32 of 3rd period - Brock Faber is hit by Tim Stutzle and loses puck.
2:57 of 3rd period - Slapshot by Ryan Graves.
2:57 of 3rd period - Shot Blocked by Brock Faber.
2:59 of 3rd period - Wrist shot by Owen Power.
2:59 of 3rd period - Stopped by Juuse Saros without a rebound.
3:00 of 3rd period - Leon Draisaitl wins face-off versus Barrett Hayton in Flyers zone.
3:00 of 3rd period - Leon Draisaitl is hit by Phillip Danault.
3:07 of 3rd period - Icing by Aaron Ekblad.
3:08 of 3rd period - Leon Draisaitl wins face-off versus Phillip Danault in Flyers zone.
3:29 of 3rd period - Aaron Ekblad is hit by Jake DeBrusk and loses puck.
3:52 of 3rd period - Slapshot by Barrett Hayton.
3:52 of 3rd period - Shot Misses the Net.
4:10 of 3rd period - Wrist shot by Patrick Kane.
4:10 of 3rd period - Shot Misses the Net.
4:12 of 3rd period - Slapshot by Patrick Kane.
4:12 of 3rd period - Deflect By Barrett Hayton.
4:12 of 3rd period - Shot Misses the Net.
4:12 of 3rd period - Puck is out of play.
4:13 of 3rd period - Connor McDavid wins face-off versus Scott Laughton in Oilers zone.
4:40 of 3rd period - Kaiden Guhle is hit by Ryan Graves and loses puck.
5:05 of 3rd period - Snap shot by Cody Glass.
5:05 of 3rd period - Shot Blocked by Scott Laughton.
5:07 of 3rd period - Snap shot by John Carlson.
5:07 of 3rd period - Shot Misses the Net.
5:09 of 3rd period - Slapshot by Jack Roslovic.
5:09 of 3rd period - Goal by Jack Roslovic - Oilers : 2 - Flyers : 1.
5:10 of 3rd period - Dylan Cozens wins face-off versus Connor McDavid in neutral zone.
5:25 of 3rd period - Snap shot by Tim Stutzle.
5:25 of 3rd period - Shot Blocked by Kevin Fiala.
5:27 of 3rd period - Snap shot by Owen Tippett.
5:27 of 3rd period - Stopped by Juuse Saros without a rebound.
5:28 of 3rd period - Phillip Danault wins face-off versus Wyatt Johnston in Flyers zone.
7:18 of 3rd period - Aaron Ekblad is hit by Phillip Danault.
7:28 of 3rd period - Kevin Fiala is hit by Owen Tippett and loses puck.
8:01 of 3rd period - Wrist shot by Josh Bailey.
8:01 of 3rd period - Goal by Josh Bailey - Oilers : 3 - Flyers : 1.
8:02 of 3rd period - Leon Draisaitl wins face-off versus Connor McDavid in neutral zone.
8:09 of 3rd period - Wrist shot by Leon Draisaitl.
8:09 of 3rd period - Stopped by Joonas Korpisalo without a rebound.
8:10 of 3rd period - Leon Draisaitl wins face-off versus Connor McDavid in Oilers zone.
8:29 of 3rd period - Wrist shot by Leon Draisaitl.
8:29 of 3rd period - Deflect By Patrick Kane.
8:29 of 3rd period - Shot Blocked by Owen Tippett.
8:29 of 3rd period - Puck is out of play.
8:30 of 3rd period - Scott Laughton wins face-off versus Phillip Danault in Oilers zone.
8:57 of 3rd period - Kaiden Guhle is hit by Tim Stutzle and loses puck.
9:06 of 3rd period - Snap shot by Tim Stutzle.
9:06 of 3rd period - Stopped by Juuse Saros with a rebound.
9:12 of 3rd period - Tim Stutzle is hit by Dylan Cozens and loses puck.
9:20 of 3rd period - Icing by Owen Tippett.
9:21 of 3rd period - Leon Draisaitl wins face-off versus Connor McDavid in Oilers zone.
9:22 of 3rd period - Snap shot by Travis Konecny.
9:22 of 3rd period - Stopped by Joonas Korpisalo with a rebound.
9:40 of 3rd period - Snap shot by Tim Stutzle.
9:40 of 3rd period - Shot Misses the Net.
9:42 of 3rd period - Snap shot by Alec Martinez.
9:42 of 3rd period - Stopped by Juuse Saros with a rebound.
10:12 of 3rd period - Wrist shot by Tim Stutzle.
10:12 of 3rd period - Stopped by Juuse Saros without a rebound.
10:13 of 3rd period - Scott Laughton wins face-off versus Cody Glass in Flyers zone.
10:18 of 3rd period - Slapshot by Calle Jarnkrok.
10:18 of 3rd period - Shot Misses the Net.
10:20 of 3rd period - Wrist shot by Scott Laughton.
10:20 of 3rd period - Stopped by Joonas Korpisalo without a rebound.
10:21 of 3rd period - Scott Laughton wins face-off versus Cody Glass in Oilers zone.
10:50 of 3rd period - Phillip Danault is hit by John Marino and loses puck.
11:27 of 3rd period - Snap shot by Cody Glass.
11:27 of 3rd period - Shot Blocked by Patrick Kane.
11:56 of 3rd period - Snap shot by Tim Stutzle.
11:56 of 3rd period - Stopped by Juuse Saros with a rebound.
11:58 of 3rd period - Snap shot by Tim Stutzle.
11:58 of 3rd period - Shot Misses the Net.
12:47 of 3rd period - Minor Penalty to Dylan Cozens for Interference.
12:48 of 3rd period - Connor McDavid wins face-off versus Scott Laughton in Flyers zone.
12:59 of 3rd period - John Marino is hit by Owen Tippett and loses puck.
13:10 of 3rd period - Wrist shot by Kevin Fiala.
13:10 of 3rd period - Stopped by Joonas Korpisalo with a rebound.
13:18 of 3rd period - Slapshot by Ryan Graves.
13:18 of 3rd period - Shot Blocked by Kevin Fiala.
13:35 of 3rd period - Icing by Connor McDavid.
13:36 of 3rd period - Connor McDavid wins face-off versus Calle Jarnkrok in Oilers zone.
14:47 of 3rd period - Penalty to Dylan Cozens is over, Dylan Cozens is back on ice.
15:36 of 3rd period - Kevin Fiala is hit by Erik Gudbranson and loses puck.
16:00 of 3rd period - Tim Stutzle is hit by Logan Couture.
16:09 of 3rd period - Off-side.
16:10 of 3rd period - Cody Glass wins face-off versus Wyatt Johnston in neutral zone.
16:36 of 3rd period - Off-side.
16:37 of 3rd period - Scott Laughton wins face-off versus Connor McDavid in neutral zone.
16:40 of 3rd period - John Carlson is hit by Calle Jarnkrok.
17:04 of 3rd period - Kaiden Guhle is hit by Jack Roslovic and loses puck.
17:09 of 3rd period - Slapshot by Cody Glass.
17:09 of 3rd period - Deflect By Jack Roslovic.
17:09 of 3rd period - Stopped by Juuse Saros with a rebound.
17:11 of 3rd period - Snap shot by Josh Bailey.
17:11 of 3rd period - Stopped by Juuse Saros without a rebound.
17:12 of 3rd period - Jack Roslovic wins face-off versus Wyatt Johnston in Flyers zone.
17:25 of 3rd period - Wrist shot by Cody Glass.
17:25 of 3rd period - Stopped by Juuse Saros without a rebound.
17:26 of 3rd period - Leon Draisaitl wins face-off versus Connor McDavid in Flyers zone.
17:26 of 3rd period - Leon Draisaitl is hit by Connor McDavid.
17:57 of 3rd period - Snap shot by Scott Laughton.
17:57 of 3rd period - Shot Misses the Net.
17:59 of 3rd period - Snap shot by Calle Jarnkrok.
17:59 of 3rd period - Shot Misses the Net.
Goals for this period are 2 for Oilers vs 0 for Flyers.
Shots for this period are 12 for Oilers vs 7 for Flyers.




Output by the SimonT Hockey Simulator (STHS) for Eric Tremblay - Original Page W3C HTML5 Valid
Hockey Simulator - Hockey Simulation - Hockey Manager